 Dungeon Crawl Stone Soup version 0.29.1-2-gbd0b4ee654 (webtiles) character file.

Game seed: 2506801858069399047

1232 GorkyZ the Cudgeller (level 8, 0/70 HPs)
             Began as a Hill Orc Fighter on Nov 14, 2022.
             Slain by a gnoll
             ... wielding a +0 spear
             ... led by a gnoll bouda
              (2 damage)
             ... on level 6 of the Dungeon.
             The game lasted 00:18:30 (4309 turns).

GorkyZ the Cudgeller (Hill Orc Fighter)             Turns: 4309, Time: 00:18:30

Health: 0/70       AC: 15    Str: 27    XL:     8   Next: 48%
Magic:  8/8        EV:  7    Int:  8    God:
Gold:   218        SH:  4    Dex: 10    Spells: 7/7 levels left

rFire   . . .      SeeInvis .   B - +5 hand axe
rCold   . . .      Faith    .   c - +0 buckler
rNeg    . . .      Spirit   .   j - +0 plate armour
rPois   .          Reflect  .   (no helmet)
rElec   .          Harm     .   (no cloak)
rCorr   .          Rampage  .   i - +0 pair of gloves
Will    .....                   A - +0 pair of boots
Stlth   ..........              (no amulet)
HPRegen 0.21/turn               g - +6 ring of strength
MPRegen 0.11/turn               (no ring)

@: weakened
A: no striking features
a: no special abilities


You were on level 6 of the Dungeon.
You visited 1 branch of the dungeon, and saw 6 of its levels.

You collected 355 gold pieces.
You spent 137 gold pieces at shops.

Inventory:

Hand Weapons
 a - a +0 flail
 p - a +0 great mace of protection
 B - a +5 hand axe (weapon)
Armour
 b - a +0 scale mail
 c - a +0 buckler (worn)
 i - a +0 pair of gloves (worn)
 j - a +0 plate armour (worn)
 x - a +3 leather armour
 A - a +0 pair of boots (worn)
Jewellery
 e - a ring of magical power
 g - a +6 ring of strength (left hand)
Wands
 t - a wand of iceblast (9)
Scrolls
 f - 4 scrolls of teleportation {unknown}
 m - 4 scrolls of identify {unknown}
 n - a scroll of noise {unknown}
 o - a scroll of immolation {unknown}
 r - a scroll of fear {unknown}
 u - 2 scrolls of poison {unknown}
 v - 3 scrolls of enchant armour {unknown}
 y - a scroll of blinking {unknown}
Potions
 d - 2 potions of might
 h - 3 potions of heal wounds {unknown}
 k - 4 potions of curing {unknown}
 l - 2 potions of flight {unknown}
 q - 2 potions of lignification {unknown}
 s - a potion of mutation {unknown}
 w - 2 potions of brilliance {unknown}
 z - a potion of resistance {unknown}


   Skills:
 + Level 6.2 Fighting
 + Level 7.9 Maces & Flails
 + Level 5.5 Armour
 + Level 3.8 Shields
 * Level 3.2 Evocations


You had 7 spell levels left.
You didn't know any spells.
Your spell library contained the following spells:

 Spells                   Type           Power      Damage    Failure   Level
 Necrotise                Necr           0%         1d4       100%        1
 Vampiric Draining        Necr           0%         2d6       100%        3
 Agony                    Necr           0%         N/A       100%        5
 Malign Gateway           Summ/Tloc      0%         N/A       100%        7
 Summon Horrible Things   Summ           0%         N/A       100%        8


Dungeon Overview and Level Annotations

Branches:
Dungeon (6/15)
 Temple: D:4-7

Altars:
Elyvilon
Yredelemnul

Shops:
D:1 *   D:2 (   D:3 !*


Message History

You kill the gnoll!
The gnoll is no longer moving quickly.
The gnoll hits you but does no damage. x2
The gnoll bouda barks out a call to the hunt!
The gnoll picks up the pace!
You are too injured to fight recklessly!
You are too injured to fight recklessly!
You are too injured to fight recklessly!
You are too injured to fight recklessly!
You are too injured to fight recklessly!
You are too injured to fight recklessly!
You block the gnoll's attack. The gnoll completely misses you.
The gnoll hits you with a +0 whip.
* * * LOW HITPOINT WARNING * * *
The gnoll bouda hits you with a +0 club.
* * * LOW HITPOINT WARNING * * *
You hit the gnoll bouda.
The gnoll bouda is heavily wounded.
You hit the gnoll.
The gnoll is no longer moving quickly.
The gnoll barely misses you. The gnoll hits you but does no damage.
The gnoll hits you with a +0 whip.
* * * LOW HITPOINT WARNING * * *
The gnoll bouda barks out a call to the hunt!
The gnoll picks up the pace!
You closely miss the gnoll bouda.
The gnoll bouda is heavily wounded.
You hit the gnoll.
The gnoll is no longer moving quickly.
The gnoll hits you from afar with a +0 spear.
* * * LOW HITPOINT WARNING * * *
The gnoll hits you from afar with a +1 spear of flaming.
* * * LOW HITPOINT WARNING * * *
The gnoll burns you.
* * * LOW HITPOINT WARNING * * *
You block the gnoll's attack.
The gnoll bouda barks out a call to the hunt!
The gnoll picks up the pace!
You slash the gnoll bouda!
The gnoll bouda is almost dead.
You hit the gnoll.
The gnoll hits you from afar with a +0 spear.
You die...

##... #...# ##...#
#....# ##...#
#....# ##....#
##..@.#
#........##
#..............###
#........).......#
##................
#................


You could see a gnoll bouda and 3 gnolls.

Vanquished Creatures
  2 black bears (D:5)
  A phantom (D:4)
  An ogre (D:5)
  2 scorpions (D:5)
  A water moccasin zombie (D:5)
  3 wights (D:5)
  A howler monkey (D:5)
  A jelly (D:4)
  An orc priest (D:4)
  A hound (D:4)
  A human zombie (D:5)
  An iguana (D:4)
  3 orc wizards
  A scorpion zombie (D:5)
  A killer bee zombie (D:5)
  3 hound zombies (D:5)
  A mummy (D:5)
  3 adders
  5 gnolls
  An adder zombie (D:5)
  3 worms
  3 dart slugs
  15 orcs
  9 ball pythons
  5 bats
  7 endoplasms
  5 giant cockroaches
  8 goblins
  11 hobgoblins
  5 jackals (D:3)
  3 quokkas
  4 frilled lizards
  7 kobolds
  6 rats
125 creatures vanquished.

Notes
Turn   | Place    | Note
-------+----------+-------------------------------------------
     0 | D:1      | GorkyZ the Hill Orc Fighter began the quest for the Orb.
     0 | D:1      | Reached XP level 1. HP: 19/19 MP: 1/1
     4 | D:1      | Noticed an anaconda
     7 | D:1      | Noticed a death yak
   141 | D:1      | Reached XP level 2. HP: 27/27 MP: 2/2
   788 | D:1      | Reached XP level 3. HP: 29/33 MP: 3/3
   828 | D:1      | Found Raiwetar's Assorted Antiques.
   969 | D:2      | Found a faded altar of an unknown god.
  1414 | D:2      | Found Nerch's Weapon Shoppe.
  1538 | D:2      | Reached XP level 4. HP: 34/41 MP: 4/4
  1670 | D:3      | Reached skill level 3 in Maces & Flails
  1811 | D:3      | Found Catibrom's Assorted Antiques.
  1846 | D:2      | Bought a +0 great mace of protection for 137 gold pieces
  1886 | D:3      | Found Reri's Distillery.
  2135 | D:3      | Reached XP level 5. HP: 47/47 MP: 5/5
  2142 | D:3      | Reached skill level 4 in Maces & Flails
  2345 | D:4      | Noticed a phantom
  2358 | D:4      | Killed a phantom
  2359 | D:4      | Reached XP level 6. HP: 46/55 MP: 6/6
  2573 | D:4      | Reached skill level 5 in Fighting
  2573 | D:4      | Reached skill level 5 in Maces & Flails
  2935 | D:4      | Reached skill level 1 in Evocations
  3245 | D:5      | Entered Level 5 of the Dungeon
  3272 | D:5      | Reached XP level 7. HP: 21/61 MP: 7/7
  3281 | D:5      | Reached skill level 5 in Armour
  3679 | D:5      | Reached skill level 6 in Maces & Flails
  3924 | D:5      | Found a white marble altar of Elyvilon.
  3956 | D:5      | Reached skill level 7 in Maces & Flails
  3956 | D:5      | Reached XP level 8. HP: 65/70 MP: 8/8
  4167 | D:5      | Found a basalt altar of Yredelemnul.
  4308 | D:6      | HP: 2/70 [gnoll/+1 spear of flaming[a gnoll bouda] (2)]
  4309 | D:6      | Slain by a gnoll

Illustrated notes

Levels and vault maps discovered:
D:1:      sevenhm_arrival_forest_fort_small_2, layout_loops_ring, serial_shops,
          nicolae_square_shop, skrybe_limestone_x, hangedman_decor_push
D:2:      layout_rooms, serial_shops, shop, chequers_ecumenical_altar_simple
D:3:      layout_rooms, serial_shops, shop,
          nicolae_shop_temple_entry_statues_fountains
D:4:      layout_cave_pools, kennysheep_dice
D:5:      layout_basic, lemuel_mausoleum_altar_yredelemnul, lemuel_round_altar,
          hex_large
D:6:      layout_cave_pods

Skill      XL: |  1  2  3  4  5  6  7  8 |
---------------+-------------------------+-----
Fighting       | 4 5 6 |  6.2
Maces & Flails | 3 4 5 7 |  7.9
Armour         | 4 5 |  5.5
Evocations     | 1 2 3 |  3.2
Shields        | |  3.8

Action                   |  1- 3 |  4- 6 |  7- 9 || total
-------------------------+-------+-------+-------++-------
Melee: Flail             |   106 |    36 |       ||   142
       Great mace        |       |   170 |    61 ||   231
       Hand axe          |       |       |    30 ||    30
Armor: Scale mail        |    18 |       |       ||    18
       Plate armour      |    51 |   264 |    78 ||   393
Dodge: Dodged            |    51 |   119 |    43 ||   213
Block: Buckler           |    32 |    16 |     9 ||    57
